 Dungeon Crawl Stone Soup version 0.27-a0-1065-ge809cff456 (webtiles) character file.

Game seed: 10291727702230785412

24 vhaine the Changer (level 3, 0/26 HPs)
             Began as a Merfolk Transmuter on Apr 23, 2021.
             Slain by an adder (1 damage)
             ... on level 2 of the Dungeon.
             The game lasted 00:03:26 (1662 turns).

vhaine the Changer (Merfolk Transmuter)             Turns: 1662, Time: 00:03:27

Health: 0/26       AC:  2    Str: 10    XL:     3   Next: 2%
Magic:  6/6        EV: 12    Int: 13    God:
Gold:   46         SH:  0    Dex: 14    Spells: 5/6 levels left

rFire    . . .     SeeInvis .   b - +1 short sword (flame)
rCold    . . .     Faith    .   (no shield)
rNeg     . . .     Spirit   .   a - +0 robe
rPois    .         Reflect  .   (helmet currently unavailable)
rElec    .         Harm     .   (no cloak)
rCorr    .         Rampage  .   (no gloves)
Will     .....                  (boots currently unavailable)
Stlth    +.........             (no amulet)
HPRegen  0.08/turn              (no ring)
MPRegen  0.10/turn              (no ring)

@: lethally poisoned (0 -> -3), appendages (expiring)
A: horns 2, (nimble swimmer 2), mertail
a: End Transformation


You were on level 2 of the Dungeon.
You had temporarily grown beastly horns.
You visited 1 branch of the dungeon, and saw 2 of its levels.

You collected 46 gold pieces.

Inventory:

Hand Weapons
 b - a +1 short sword of flaming (weapon)
Armour
 a - a +0 robe (worn)
Potions
 c - 2 potions of magic {unknown}
 d - a potion of heal wounds {unknown}


   Skills:
 - Level 1.1 Fighting
 - Level 2.6 Dodging
 - Level 3.2 Unarmed Combat
 - Level 2.0 Spellcasting
 + Level 4.5 Transmutations


You had 5 spell levels left.
You knew the following spells:

 Your Spells              Type           Power      Damage    Failure   Level
a - Beastly Appendage     Tmut           26%        N/A       3%          1

Your spell library contained the following spells:

 Spells                   Type           Power      Damage    Failure   Level
 Wereblood                Tmut           13%        N/A       6%          2
 Spider Form              Tmut/Pois      3%         N/A       30%         3
 Ice Form                 Ice/Tmut       7%         N/A       69%         4
 Hydra Form               Tmut           6%         N/A       71%         5


Dungeon Overview and Level Annotations

Branches:
Dungeon (2/15)

Altars:


Innate Abilities, Weirdness & Mutations

You have temporarily grown beastly horns.
((You are quick and stealthy near water. (Stealth+, EV+, Speed+++)))
Your lower body shifts to a powerful aquatic tail in water.


Message History

Unknown command.
You hit the adder. You burn the adder.
The adder is lightly wounded.
The adder completely misses you. The adder closely misses you.
You closely miss the adder. You headbutt the adder.
The adder is heavily wounded.
The adder closely misses you.
You closely miss the adder.
The adder is heavily wounded.
The adder bites you.
You are poisoned.
The adder poisons you!
You closely miss the adder.
The adder is heavily wounded.
You feel sick. The adder closely misses you. The adder bites you.
You are more poisoned.
The adder poisons you!
You hit the adder. You burn the adder.
The adder is heavily wounded.
Your transformation is almost over.
You feel very sick. The adder barely misses you.
You are too injured to fight recklessly!
You are too injured to fight recklessly!
You miss the adder.
The adder is heavily wounded.
You feel sick. The adder bites you. The adder misses you.
You barely miss the adder.
The adder is heavily wounded.
You feel sick. The adder completely misses you.
You barely miss the adder.
The adder is heavily wounded.
* * * LOW HITPOINT WARNING * * *
You feel sick. The adder bites you.
* * * LOW HITPOINT WARNING * * *
You hit the adder. You burn the adder.
The adder is severely wounded.
* * * LOW HITPOINT WARNING * * *
You feel sick. The adder bites you.
You die...

########...##.##
#.............#
####.######....#.#
###....# ##..##.#
#.)...## ###.#.##
.###.....####
##..).
..........^.####
#....
.###..<.....=..#
#.... #...@.#####.
#.... ###S#.#
#.#.# ...!.# #.#.#
##..#.# #.#.#
#.##.# #.#.# #.
#.. #. ### ..


You could see an adder.

Vanquished Creatures
  3 ball pythons (D:1)
  2 bats (D:1)
  An endoplasm (D:1)
  2 hobgoblins (D:1)
  6 kobolds (D:1)
  2 frilled lizards (D:1)
  5 goblins
  A rat (D:1)
22 creatures vanquished.

Notes
Turn   | Place    | Note
-------+----------+-------------------------------------------
     0 | D:1      | vhaine the Merfolk Transmuter began the quest for the Orb.
     0 | D:1      | Reached XP level 1. HP: 15/15 MP: 3/3
    23 | D:1      | Reached skill level 3 in Transmutations
   357 | D:1      | Reached XP level 2. HP: 20/21 MP: 3/5
   722 | D:1      | Reached skill level 4 in Transmutations
  1512 | D:2      | Reached XP level 3. HP: 23/26 MP: 4/6
  1662 | D:2      | HP: 1/26 [poisoned by an adder]
  1662 | D:2      | Slain by an adder

Illustrated notes

Levels and vault maps discovered:
D:1:      dpeg_arrival_tiny_h, layout_basic, serial_bayou_pond_d
D:2:      layout_loops_ring, basic_ecumenical_altar

Skill      XL: |  1  2 |
---------------+-------+-----
Transmutations | 3 4 |  4.5
Fighting       | |  1.1
Dodging        | |  2.6
Unarmed Combat | |  3.2
Spellcasting   | |  2.0

Action                   || total
-------------------------++-------
Melee: Short sword       ||    51
       Unarmed           ||     7
       Headbutt          ||     3
 Cast: Beastly Appendage ||    20
 Stab: Sleeping          ||     1
Armor: Robe              ||     7
Dodge: Dodged            ||    29

Table legend: (Time is in decaauts)
 A = Elapsed time spent in this place.
 B = Non-inter-level travel time spent in this place.
 C = Inter-level travel time spent in this place.
 D = Time resting spent in this place.
 E = Time spent auto-exploring this place.
 F = Levels seen in this place.
 G = Mean time per level.
                   A        B        C        D        E       F      G
               +--------+--------+--------+--------+--------+-----+--------+
         Total |   1664 |   1627 |     37 |    246 |   1203 |   2 |  832.0 |
       Dungeon |   1664 |   1627 |     37 |    246 |   1203 |   2 |  832.0 |
               +--------+--------+--------+--------+--------+-----+--------+

Top non-repeatable levels by time:
     D:1: 1463 daAuts
     D:2: 200 daAuts
